Map: Sequencer LE

Players

JonSnow

  • Race: Zerg Zerg
  • Spawn Location: 1:00

Cham - Winner!

  • Race: Zerg Zerg
  • Spawn Location: 7:00

Event: WCS Jonkoping 2017

VOD

Have the link to the VOD?

Description

Time

  • Played on: June 17, 2017, 1:55 p.m.
  • Length: 10:46

All games in this series

Show
View Real Time Build Order
Export as new Build Order

JonSnow Zerg 

Build Orders: Hatch First 

Get SALT Encoding   

  12  0:00  Drone  
  13  0:12  Overlord  
  13  0:17  Drone  
  14  0:33  Drone x2  
  14  0:35  Drone  
  17  0:53  Hatchery  
  17  0:55  Drone  
  17  1:00  Drone  
  18  1:11  Extractor  
  17  1:14  Spawning Pool  
  17  1:17  Drone  
  17  1:20  Drone  
  18  1:28  Overlord  
  18  1:39  Drone  
  19  1:51  Drone  
  20  2:02  Queen  
  20  2:05  Queen, Drone x2  
  26  2:10  Metabolic Boost  
  26  2:11  Drone  
  27  2:17  Drone  
  27  2:21  Drone  
  29  2:30  Baneling Nest  
  29  2:31  Zergling x2  
  29  2:37  Drone x2  
  31  2:50  Drone  
  32  2:54  Hatchery  
  32  2:55  Overlord  
  32  2:58  Zergling x2  
  32  3:04  Drone  
  33  3:10  Zergling x4  
  35  3:13  Drone  
  35  3:14  Drone x3  
  35  3:16  Baneling  
  35  3:17  Baneling x2  
  35  3:18  Baneling  
  39  3:23  Zergling x2  
  39  3:32  Drone  
  39  3:33  Drone x3  
  42  3:39  Queen  
  44  3:43  Overlord  
  44  3:49  Lair  
  44  3:55  Extractor  
  43  3:56  Overlord  
  43  3:57  Extractor, Drone  
  43  4:02  Drone  
  44  4:03  Evolution Chamber  
  44  4:04  Drone  
  44  4:07  Drone  
  44  4:08  Drone  
  46  4:10  Drone  
  46  4:11  Drone  
  48  4:18  Roach Warren  
  48  4:19  Drone  
  48  4:23  Drone x2  
  50  4:31  Drone x4  
  52  4:34  Overlord  
  52  4:38  Overlord  
  53  4:42  Zerg Missile Weapons Level 1  
  53  4:43  Drone  
  54  4:49  Overlord  
  54  4:57  Overlord  
  54  4:59  Glial Reconstitution  
  52  5:01  Roach x3  
  58  5:07  Roach x2  
  58  5:08  Roach  
  58  5:10  Roach  
  58  5:12  Unknown  
  66  5:15  Roach x2  
  70  5:23  Roach x3  
  70  5:28  Roach x3  
  82  5:31  Roach  
  82  5:33  Roach  
  86  5:37  Extractor, Overlord  
  86  5:42  Roach x2  
  89  5:44  Overseer  
  89  5:48  Overlord  
  89  5:49  Roach  
  91  5:53  Roach x2  
  95  5:58  Drone x3  
  98  6:10  Roach x5  
  102  6:17  Drone x3  
  105  6:19  Roach x2  
  105  6:23  Roach x2  
  113  6:29  Overlord x2  
  113  6:32  Overlord  
  113  6:36  Zerg Missile Weapons Level 2  
  113  6:47  Roach  
  113  6:48  Roach x4  
  113  6:52  Overlord  
  125  6:54  Roach  
  125  7:07  Roach  
  125  7:08  Roach x5  
  127  7:13  Roach x2  
  109  7:22  Roach x5  
  107  7:27  Roach x2  
  99  7:32  Drone x2  
  99  7:33  Roach x2  
  105  7:41  Roach x4  
  113  7:44  Roach  
  113  7:48  Roach x2  
  119  7:52  Roach x2  
  119  7:54  Overseer  
  123  8:04  Roach x5  
  127  8:10  Roach x2  
  117  8:16  Roach x3  
  117  8:19  Roach  
  121  8:24  Overlord  
  121  8:25  Extractor, Drone x3  
  123  8:28  Drone x3  
  123  8:31  Drone  
  123  8:34  Pneumatized Carapace  
  127  8:41  Roach x2  
  127  8:42  Roach x3  
  137  8:54  Roach x3  
  143  9:00  Roach x4  
  151  9:08  Roach  
  151  9:09  Overlord  
  153  9:10  Overlord  
  153  9:13  Overlord  
  153  9:24  Overlord  
  153  9:27  Roach x2  
  157  9:32  Roach x2, Hydralisk Den  
  157  9:33  Roach x3  
  157  9:37  Overseer  
  166  9:39  Roach  
  166  9:41  Overlord x2  
  168  9:49  Roach x2  
  172  9:54  Roach  
  172  9:55  Hatchery, Roach x2  
  172  9:56  Ravager x2  
  179  10:02  Roach  
  179  10:03  Roach x2  
  179  10:06  Roach x2  
  189  10:10  Roach x2  
  189  10:12  Overlord  
  191  10:26  Roach  
Show
View Real Time Build Order
Export as new Build Order

Cham Zerg - Winner!

Build Orders: Hatch First 

Get SALT Encoding   

  12  0:01  Drone  
  13  0:07  Drone  
  14  0:18  Overlord  
  14  0:36  Drone x3  
  17  0:52  Hatchery  
  17  0:56  Drone  
  17  0:58  Drone  
  17  1:00  Extractor  
  17  1:14  Spawning Pool  
  17  1:17  Drone  
  17  1:21  Drone  
  18  1:30  Drone  
  19  1:40  Overlord  
  19  2:00  Queen  
  21  2:02  Zergling x2  
  21  2:04  Queen  
  21  2:05  Zergling x2  
  25  2:09  Zergling x2  
  26  2:17  Spine Crawler  
  26  2:18  Drone  
  26  2:21  Drone  
  27  2:27  Overlord  
  27  2:31  Drone  
  28  2:39  Queen  
  31  2:46  Drone x2  
  31  2:48  Drone  
  31  2:49  Drone  
  35  2:54  Evolution Chamber  
  34  3:00  Drone x2  
  36  3:07  Drone  
  36  3:10  Roach Warren  
  36  3:11  Drone  
  36  3:12  Drone x2  
  39  3:15  Drone x2  
  39  3:19  Drone x2  
  43  3:24  Drone  
  43  3:31  Drone x2  
  43  3:35  Extractor x2  
  43  3:36  Overlord, Zerg Missile Weapons Level 1  
  41  3:42  Lair  
  41  3:45  Drone  
  42  3:50  Roach  
  42  3:51  Overlord  
  44  3:55  Drone  
  44  3:56  Drone x2  
  44  4:00  Drone x2  
  44  4:02  Roach  
  51  4:07  Overlord  
  51  4:12  Roach  
  51  4:15  Overlord  
  51  4:17  Roach  
  55  4:27  Roach  
  55  4:30  Roach x2  
  61  4:36  Roach x3  
  67  4:41  Glial Reconstitution  
  67  4:42  Overseer  
  67  4:44  Drone  
  68  4:51  Hatchery  
  67  4:53  Overlord  
  67  5:01  Roach  
  67  5:02  Roach x3  
  67  5:06  Overlord  
  75  5:15  Roach x3  
  75  5:16  Roach  
  75  5:20  Overlord  
  83  5:23  Overlord  
  83  5:24  Drone  
  83  5:28  Roach  
  86  5:32  Roach x2  
  86  5:34  Roach  
  92  5:39  Zerg Missile Weapons Level 2  
  92  5:41  Roach  
  94  5:44  Drone  
  95  5:51  Drone  
  95  5:53  Drone x3  
  95  5:54  Drone x2  
  95  5:55  Drone  
  102  5:58  Overlord  
  90  6:12  Drone x3  
  90  6:15  Roach x2  
  90  6:16  Spire  
  90  6:18  Extractor, Roach  
  98  6:20  Extractor  
  98  6:25  Roach  
  98  6:26  Roach  
  98  6:30  Burrow  
  98  6:31  Tunneling Claws  
  98  6:32  Overlord  
  101  6:35  Roach  
  101  6:36  Roach  
  105  6:41  Roach  
  105  6:44  Roach x2  
  105  6:46  Roach x2  
  117  6:47  Roach  
  117  6:51  Roach  
  117  6:52  Roach, Overlord  
  121  6:55  Drone  
  121  6:57  Roach  
  121  6:59  Roach  
  126  7:03  Roach  
  120  7:09  Roach x2  
  120  7:12  Roach  
  120  7:13  Roach x3  
  116  7:22  Roach x2  
  110  7:25  Roach  
  110  7:26  Roach x2  
  110  7:27  Roach  
  116  7:30  Roach  
  116  7:32  Roach  
  116  7:34  Roach  
  122  7:37  Roach  
  122  7:38  Overlord  
  122  7:40  Roach x2  
  122  7:43  Roach x16  
  130  7:48  Roach  
  130  7:50  Roach  
  130  7:51  Roach  
  136  8:00  Roach x3  
  136  8:02  Roach  
  136  8:05  Roach x2  
  142  8:06  Roach  
  142  8:08  Roach  
  142  8:10  Roach  
  142  8:12  Drone x5  
  129  8:23  Drone x3  
  129  8:25  Roach x14  
  129  8:26  Zerg Ground Armor Level 1  
  132  8:31  Roach x2  
  137  8:34  Drone  
  137  8:35  Roach  
  137  8:37  Roach  
  137  8:40  Roach  
  143  8:41  Hatchery  
  143  8:47  Roach x2  
  143  8:48  Overlord  
  146  8:50  Overlord x2  
  146  8:54  Overlord  
  146  9:08  Roach x6  
  146  9:09  Roach  
  160  9:10  Roach x2  
  160  9:13  Roach  
  168  9:24  Roach x2  
  168  9:25  Overlord  
  168  9:30  Overlord x2  
  170  9:37  Overlord  
  170  9:39  Overlord  
  170  9:40  Overseer  
  170  9:45  Extractor, Roach x4  
  177  9:50  Ravager x5  
  177  9:51  Ravager x2  
  177  9:52  Roach  
  188  9:53  Roach  
  188  9:55  Roach  
  188  9:56  Roach  
  188  9:59  Roach  
  194  10:01  Roach  
  194  10:05  Roach x2  
Tags
 
Add a new tag
Caveats
  • Supply blocks, unpowered buildings, or Contaminate may cause inaccurate times.
  • Supply counts are checked every 10 seconds.